 Dungeon Crawl Stone Soup version 0.17-a0-1181-gabc46e6 (webtiles) character file.

238 HEYYEYAAE the Gusty (level 6, 0/43 HPs)
             Began as a Human Air Elementalist on May 31, 2015.
             Slain by a hound (5 damage)
             ... on level 3 of the Dungeon.
             The game lasted 00:05:23 (2760 turns).

HEYYEYAAE the Gusty (Human Air Elementalist)        Turns: 2760, Time: 00:05:24

Health: 0/43       AC:  4    Str:  6    XL:     6   Next: 28%
Magic:  1/11       EV: 13    Int: 17    God:
Gold:   151        SH:  0    Dex: 13    Spells: 2 memorised, 7 levels left

rFire  . . .     SeeInvis .     u - +1 halberd (venom)
rCold  + . .     Clarity  .     a - +0 robe
rNeg   . . .     SustAt   .     (no shield)
rPois  .         Gourm    +     (no helmet)
rElec  .         Spirit   .     l - +0 cloak
rCorr  .         Warding  .     (no gloves)
rMut   .         Stasis   .     k - +0 pair of boots
MR     .....                    i - amulet of the gourmand
Stlth  ++........               x - -3 ring of strength (curse)
                                v - ring of protection from cold

@: very slightly contaminated, not resistant to hostile enchantments, unstealthy
A: no striking features
a: no special abilities


You were on level 3 of the Dungeon.
You were very full.

You visited 1 branch of the dungeon, and saw 4 of its levels.

You collected 151 gold pieces.

Inventory:

Hand weapons
 h - a +0 dagger
 q - a +5 dagger
 r - a +0 whip of freezing
 u - a +1 halberd of venom (weapon)
Armour
 a - a +0 robe (worn)
 k - a +0 pair of boots (worn)
 l - a +0 cloak (worn)
Jewellery
 i - an amulet of the gourmand (around neck)
 n - an uncursed amulet of clarity
 v - a ring of protection from cold (left hand)
 x - a cursed -3 ring of strength (right hand)
Scrolls
 g - a scroll of enchant weapon
 m - a scroll of magic mapping
 w - a scroll of noise {unknown}
 y - a scroll of recharging {unknown}
 z - 2 scrolls of random uselessness {unknown}
 A - a scroll of amnesia {unknown}
 B - 2 scrolls of fog {unknown}
 C - 2 scrolls of remove curse
Potions
 d - a potion of might {unknown}
 f - 2 potions of agility {unknown}
 o - 2 potions of lignification
 p - 2 potions of flight {unknown}
 s - a potion of brilliance {unknown}
Books
 b - a book of Air

   Spells                             Type                      Level
   a - Shock                          Conjuration/Air              1
   b - Swiftness                      Charms/Air                   2
   c - Repel Missiles                 Charms/Air                   2
   d - Static Discharge               Conjuration/Air              3
   e - Lightning Bolt                 Conjuration/Air              5
 D - a book of Party Tricks

   Spells                             Type                      Level
   a - Summon Butterflies             Summoning                    1
   b - Apportation                    Translocation                1
   c - Tukima's Dance                 Hexes                        3
   d - Alistair's Intoxication        Transmutation/Poison         4
   e - Invisibility                   Hexes                        6
Comestibles
 c - 2 bread rations
 j - 3 fruits
 t - a beef jerky
 E - a meat ration


   Skills:
 + Level 1.2 Fighting
 + Level 2.9 Dodging
 - Level 2.0 Stealth
 * Level 3.3 Spellcasting
 * Level 3.2 Conjurations
 * Level 3.9 Air Magic


You had 7 spell levels left.
You knew the following spells:

 Your Spells              Type           Power        Failure   Level  Hunger
a - Shock                 Conj/Air       ###.         4%          1    None
b - Static Discharge      Conj/Air       ###.....     14%         3    ###....


Dungeon Overview and Level Annotations

Branches:
Dungeon (4/15)
 Temple: D:4-7

Altars:
Fedhas
Kikubaaqudgha


Message History

Unknown command.
Unknown command.
Casting: Shock
Confirm with . or Enter, or press ? or * to list all spells.
The hound is struck by lightning.
The hound is moderately wounded.
The lightning arcs!
You are struck by lightning.
* * * LOW HITPOINT WARNING * * *
The lightning grounds out.
The hound barely misses you.
You miss the hound.
The hound is moderately wounded.
The hound completely misses you. The hound barely misses you.
Casting: Static Discharge
Confirm with . or Enter, or press ? or * to list all spells.
The hound is struck by lightning.
The hound is heavily wounded.
The lightning arcs!
You are struck by lightning.
* * * LOW HITPOINT WARNING * * *
The lightning grounds out.
The hound bites you.
You die...

##########.##.##'##......#....##.
#.##.....#..............
#.##.....#....#.###.....
#.###....##'###.###.###. #.#
#....##.# #......... #.#
#....##.# #####.#### #.#
#....##.# #.# #.# ###h###.# #.#
#.# #@....# #.# #.########### #.#
#....##############.#
#...)'.)............#
##...################ #...#
#...### #.....# #.....#


You could see a hound.

Vanquished Creatures
  An orc priest (D:4)
  Jessica (D:2)
  2 orc wizards
  4 gnolls (D:2)
  4 adders
  A worm (D:2)
  A giant gecko (D:2)
  3 orcs (D:3)
  8 hobgoblins
  3 jackals (D:1)
  7 kobolds
  A quokka (D:3)
  3 bats
  3 giant cockroaches (D:3)
  6 giant newts
  6 goblins
  4 rats
58 creatures vanquished.

Notes
Turn   | Place    | Note
--------------------------------------------------------------
     0 | D:1      | HEYYEYAAE the Human Air Elementalist began the quest for the Orb.
     0 | D:1      | Reached XP level 1. HP: 13/13 MP: 3/3
   397 | D:1      | Reached XP level 2. HP: 13/19 MP: 5/5
   841 | D:2      | Reached XP level 3. HP: 24/24 MP: 4/6
  1201 | D:2      | Reached XP level 4. HP: 17/31 MP: 5/7
  1367 | D:2      | Found a blossoming altar of Fedhas.
  1370 | D:2      | Found an ancient bone altar of Kikubaaqudgha.
  1545 | D:2      | Reached skill level 1 in Fighting
  1676 | D:2      | Noticed Jessica
  1680 | D:2      | Killed Jessica
  1680 | D:2      | Reached XP level 5. HP: 6/37 MP: 4/9
  2674 | D:4      | Learned a level 3 spell: Static Discharge
  2699 | D:4      | Reached XP level 6. HP: 43/43 MP: 3/10
  2760 | D:3      | Slain by a hound

Vault maps used:
D:1:      dpeg_arrival_snail, st_stairs_1
D:2:      grunt_temple_overflow_growth_and_decay, first_bread, st_stairs_12,
          uniq_jessica
D:4:      old_standard_altar, lemuel_doored_altar

Action                   |  1- 3 |  4- 6 || total
-------------------------+-------+-------++-------
Melee: Dagger            |    30 |    12 ||    42
       Halberd           |       |    32 ||    32
 Cast: Shock             |    36 |    44 ||    80
       Static Discharge  |       |     2 ||     2
  Use: Scroll            |     3 |     2 ||     5
       Potion            |       |     1 ||     1
 Stab: Sleeping          |     2 |       ||     2
  Eat: Chunk             |       |    14 ||    14
